 Dungeon Crawl Stone Soup version 0.30-a0-652-gcc886f7154 (webtiles) character file.

Game seed: 16968697807130324942

278 BigDaddyOpFi the Sneak (level 6, -5/34 HPs)
             Began as a Spriggan Wanderer on Jan 17, 2023.
             Was a Follower of Nemelex Xobeh.
             Slain by an ice beast (12 damage)
             ... on level 5 of the Dungeon.
             The game lasted 00:03:39 (2929 turns).

BigDaddyOpFi the Sneak (Spriggan Wanderer)          Turns: 2929, Time: 00:03:39

Health: -5/34      AC:  2    Str:  4    XL:     6   Next: 5%
Magic:  7/7        EV: 15    Int: 13    God:    Nemelex Xobeh [*.....]
Gold:   441        SH:  0    Dex: 21    Spells: 5/5 levels left

rFire   . . .      SeeInvis +    a - +3 falchion
rCold   . . .      Faith    .    (no shield)
rNeg    . . .      Spirit   .    d - +0 robe
rPois   .          Reflect  .    (helmet restricted)
rElec   .          Harm     .    (no cloak)
rCorr   .          Rampage  .    (gloves unavailable)
Will    +....                    (boots unavailable)
Stlth   +++                      y - amulet of the acrobat
HPRegen 0.25/turn                (no ring)
MPRegen 0.10/turn                (no ring)

@: flying, very quick
A: very small, no large weapons, unfitting armour, see invisible, speed 3
a: Renounce Religion, Draw Escape, Draw Destruction, Draw Summoning


You were on level 5 of the Dungeon.
You worshipped Nemelex Xobeh.
Nemelex Xobeh was aware of your devotion.
You visited 1 branch of the dungeon, and saw 5 of its levels.

You collected 441 gold pieces.

Inventory:

Hand Weapons
 a - a +3 falchion (weapon)
 e - a +0 dagger
Armour
 d - a +0 robe (worn)
Jewellery
 y - an amulet of the acrobat (around neck)
Wands
 b - a wand of flame (4) (quivered)
 o - a wand of acid (10)
 C - a wand of polymorph (8)
 D - a wand of digging (7)
Scrolls
 c - 3 scrolls of vulnerability
 f - 2 scrolls of teleportation {unknown}
 g - 3 scrolls of immolation {unknown}
 i - 9 scrolls of identify {unknown}
 j - a scroll of noise {unknown}
 l - 3 scrolls of acquirement {unknown}
 r - a scroll of magic mapping {unknown}
 t - a scroll of summoning {unknown}
 w - a scroll of amnesia {unknown}
 z - a scroll of brand weapon {unknown}
 A - a scroll of enchant weapon {unknown}
 B - a scroll of silence {unknown}
 E - a scroll of blinking {unknown}
 F - a scroll of torment {unknown}
Potions
 h - 2 potions of attraction
 k - a potion of haste
 m - a potion of flight
 n - 2 potions of lignification
 p - a potion of heal wounds
 s - a potion of cancellation {unknown}
 u - a potion of invisibility {unknown}
 v - a potion of mutation {unknown}
 x - a potion of might {unknown}


   Skills:
 + Level 4.4 Fighting
 + Level 3.7 Long Blades
 + Level 5.4 Stealth
 - Level 3.1 Evocations


You had 5 spell levels left.
You didn't know any spells.
Your spell library contained the following spells:

 Spells                   Type           Power      Damage    Failure   Level
 Freeze                   Ice            0%         1d3       30%         1
 Ensorcelled Hibernation  Hex/Ice        0%         N/A       43%         2
 Passwall                 Tmut/Erth      0%         N/A       43%         2
 Frozen Ramparts          Ice            0%         1d1       67%         3
 Hailstorm                Conj/Ice       0%         3d3       67%         3
 Swiftness                Air            0%         N/A       67%         3


Dungeon Overview and Level Annotations

Branches:
Dungeon (5/15)
 Temple: D:4-7

Altars:
Nemelex Xobeh


Innate Abilities, Weirdness & Mutations

You are very small and have problems with some larger weapons.
You are too small for most types of armour.
You have supernaturally acute eyesight. (SInv)
You cover ground extremely quickly. (Speed+++)


Message History

It was a potion of heal wounds.
You feel much better. The orc wizard barely misses you.
The ice beast hits you but does no damage.
You hit the orc wizard.
The orc wizard is moderately wounded.
The orc wizard barely misses you. The ice beast hits you.
The ice beast freezes you!
The orc wizard gestures at you while chanting.
You are confused.
You closely miss the orc wizard.
The orc wizard is moderately wounded.
The ice beast hits you. The ice beast freezes you!
The orc wizard gestures at you while chanting.
The magic dart hits you.
* * * LOW HITPOINT WARNING * * *
You bump into the rock wall.
The ice beast barely misses you. The orc wizard closely misses you.
The hound pauses to sniff the ground.
Unknown command.
You feel much better. The ice beast closely misses you.
The orc wizard hits you with a +0 dagger.
It was a potion of curing.
You feel better. The ice beast hits you. The ice beast freezes you!
The orc wizard closely misses you.
You slash the orc wizard!
The orc wizard is almost dead.
The ice beast barely misses you.
The orc wizard points at you and mumbles some strange words.
You resist with almost no effort. The ice beast misses you.
You closely miss the orc wizard.
The orc wizard is almost dead.
The orc wizard casts a spell at you. The magic dart hits you.
The ice beast hits you. The ice beast freezes you!
* * * LOW HITPOINT WARNING * * *
You hit the orc wizard.
You kill the orc wizard!
The ice beast hits you.
* * * LOW HITPOINT WARNING * * *
The ice beast freezes you!
You die...
Your body disappears without a glow.

.#
#...##########.#
#...... .# #.###
#.# #.#####
.#####.#
#######.# #
.......#
#.......# #
.##.####
#.####### #
.##.# ###.### #
#.##### .##.#
#.....# ≈≈#
....... .#..#
#.###.###..≈≈.
..##### .....
... #.@o.o.≈≈~
..... ###
#Y###~~≈~. ....#
..h# ~.~ ...
#.### . ##


You could see an ice beast, a hound and 2 orcs.

Vanquished Creatures
  A scorpion (D:5)
  2 iguanas
  2 orc wizards
  6 adders
  3 worms
  3 dart slugs
  7 orcs
  7 endoplasms
  3 giant cockroaches
  5 goblins
  9 hobgoblins
  4 quokkas
  5 ball pythons
  2 bats
  2 frilled lizards
  5 kobolds
  4 rats
70 creatures vanquished.

Notes
Turn   | Place    | Note
-------+----------+-------------------------------------------
     0 | D:1      | BigDaddyOpFi the Spriggan Wanderer began the quest for the
                  | Orb.
     0 | D:1      | BigDaddyOpFi set off with the following items: a +3
                  | falchion, a wand of flame (4), a scroll of vulnerability, a
                  | +0 robe.
     0 | D:1      | Reached XP level 1. HP: 12/12 MP: 2/2
    79 | D:1      | Reached skill level 2 in Stealth
   187 | D:1      | Reached XP level 2. HP: 16/16 MP: 3/3
   547 | D:2      | Reached XP level 3. HP: 16/20 MP: 4/4
   731 | D:2      | Reached skill level 3 in Stealth
  1368 | D:3      | Identified the +3 short sword of Asmaez {antimagic, Fragile
                  | Dex+5}
  1422 | D:3      | Reached XP level 4. HP: 24/25 MP: 5/5
  1700 | D:3      | Reached skill level 4 in Stealth
  1823 | D:4      | Found a sparkling altar of Nemelex Xobeh.
  1864 | D:4      | Became a worshipper of Nemelex Xobeh the Trickster
  2113 | D:4      | Reached XP level 5. HP: 16/29 MP: 6/6
  2445 | D:5      | Entered Level 5 of the Dungeon
  2557 | D:5      | Reached * piety under Nemelex Xobeh
  2680 | D:5      | Reached skill level 5 in Stealth
  2797 | D:5      | Reached XP level 6. HP: 34/34 MP: 7/7
  2913 | D:5      | Noticed an ice beast
  2929 | D:5      | Slain by an ice beast

Illustrated notes

Levels and vault maps discovered:
D:1:      amcnicky_arrival_choice, layout_basic
D:2:      layout_basic
D:3:      layout_rooms
D:4:      layout_basic, nicolae_overflow_crystal_walls, minmay_stone_trees_small
D:5:      layout_loops_ring, chequers_serial_rivers_small_3, grunt_ministairs_1

Skill      XL: |  1  2  3  4  5 |
---------------+----------------+-----
Stealth        | 2 3 4 5 |  5.4
Evocations     | 3 |  3.1
Long Blades    | 3 |  3.7
Fighting       | 4 |  4.4

Action                   |  1- 3 |  4- 6 || total
-------------------------+-------+-------++-------
Melee: Falchion          |   102 |    85 ||   187
  Use: Potion            |     3 |     4 ||     7
 Stab: Sleeping          |     8 |    10 ||    18
Armor: Robe              |     3 |     1 ||     4
       Skin              |    18 |     4 ||    22
Dodge: Dodged            |    65 |    63 ||   128

Table legend: (Time is in decaauts)
 A = Elapsed time spent in this place.
 B = Non-inter-level travel time spent in this place.
 C = Inter-level travel time spent in this place.
 D = Time resting spent in this place.
 E = Time spent auto-exploring this place.
 F = Levels seen in this place.
 G = Mean time per level.
                   A        B        C        D        E       F      G
               +--------+--------+--------+--------+--------+-----+--------+
         Total |   2052 |   1980 |     72 |    113 |   1388 |   5 |  410.4 |
       Dungeon |   2052 |   1980 |     72 |    113 |   1388 |   5 |  410.4 |
               +--------+--------+--------+--------+--------+-----+--------+

Top non-repeatable levels by time:
     D:2: 483 daAuts
     D:4: 438 daAuts
     D:3: 405 daAuts
     D:1: 370 daAuts
     D:5: 354 daAuts
